 Dungeon Crawl Stone Soup version 0.20-a0-705-gbe8799e (webtiles) character file.

1328 Niddhogr the Spear-Bearer (level 8, -1/60 HPs)
             Began as a Formicid Fighter on Feb 21, 2017.
             Slain by a troll (4 damage)
             ... on level 5 of the Dungeon.
             The game lasted 00:12:06 (7105 turns).

Niddhogr the Spear-Bearer (Formicid Fighter)        Turns: 7105, Time: 00:12:06

Health: -1/60      AC: 15    Str: 24    XL:     8   Next: 91%
Magic:  8/8        EV:  5    Int:  7    God:
Gold:   358        SH:  9    Dex: 10    Spells: 7/7 levels left

rFire    . . .     SeeInvis +   a - +0 trident
rCold    . . .     Gourm    .   j - +0 plate armour
rNeg     . . .     Faith    .   c - +0 shield
rPois    .         Spirit   .   (helmet unavailable)
rElec    .         Reflect  .   (no cloak)
rCorr    +         Harm     .   A - +1 pair of gloves
MR       .....                  i - +1 pair of boots
Stlth    ..........             (no amulet)
Regen    0.2/turn               (no ring)
MPRegen  0.2/turn               r - ring of resist corrosion

@: no status effects
A: permanent stasis, dig shafts and tunnels, four strong arms, antennae 3
a: Dig, Shaft Self


You were on level 5 of the Dungeon.
You were hungry.

You visited 2 branches of the dungeon, and saw 6 of its levels.
You also visited: Sewer.

You collected 358 gold pieces.

Inventory:

Hand Weapons
 a - a +0 trident (weapon)
 e - a +0 halberd
Missiles
 b - 7 javelins
 h - 6 tomahawks (quivered)
Armour
 c - a +0 shield (worn)
 i - a +1 pair of boots (worn)
 j - a +0 plate armour (worn)
 A - a +1 pair of gloves (worn)
Jewellery
 g - the ring "Wotrotti" {*Contam +Inv MR+ Dex+9, unknown}
   (You found it on level 5 of the Dungeon)

   [ring of protection from magic]

   It affects your dexterity (+9).
   It affects your resistance to hostile enchantments.
   It lets you turn invisible.
   It causes magical contamination when unequipped.
 r - a ring of resist corrosion (left hand)
Scrolls
 k - a scroll of fear {unknown}
 l - a scroll of blinking {unknown}
 m - 3 scrolls of remove curse
 u - a scroll of teleportation {unknown}
 x - a scroll of enchant weapon {unknown}
 C - 3 scrolls of amnesia {unknown}
Potions
 d - a potion of might
 n - a potion of degeneration {unknown}
 p - a potion of cancellation {unknown}
 q - 2 potions of curing
 s - 4 potions of lignification
 t - 3 potions of flight {unknown}
 v - a potion of brilliance {unknown}
 w - 2 potions of mutation {unknown}
 D - 2 potions of heal wounds {unknown}
Comestibles
 f - 3 bread rations
 o - 2 meat rations
 z - 2 fruits
 B - 2 royal jellies


   Skills:
 + Level 4.2 Fighting
 - Level 10.1 Polearms
 - Level 3.2 Armour
 - Level 3.6 Shields


You had 7 spell levels left.
You didn't know any spells.

Dungeon Overview and Level Annotations

Branches:
Dungeon (5/15)             Temple (1/1) D:4

Altars:
Ashenzari
Cheibriados
Dithmenos
Elyvilon
Fedhas
Hepliaklqana Ieoh Jian
Makhleb
Nemelex Xobeh
Trog
Yredelemnul
Zin

Annotations:
D:5 4 runed doors


Innate Abilities, Weirdness & Mutations

You cannot be hasted, slowed, berserked, paralysed or teleported.
You can dig through walls and to a lower floor.
Your four strong arms can wield two-handed weapons with a shield.
You have a pair of large antennae on your head. (SInv)


Message History

The troll is severely wounded.
The troll bites you but does no damage.
The troll claws you but does no damage. x2
You hit the troll.
The troll is severely wounded.
The troll bites you but does no damage. The troll claws you.
* * * LOW HITPOINT WARNING * * *
The troll barely misses you.
You hit the troll.
The troll is severely wounded.
You hit the troll.
The troll is almost dead.
You block the troll's attack. The troll barely misses you.
You block the troll's attack.
You hit the troll but do no damage.
The troll is severely wounded.
You block the troll's attack. x2; The troll completely misses you.
Your plate armour prevents you from hitting the troll.
The troll is severely wounded.
The troll bites you.
You die...

#####..##8,,8#######..#.........#
#..#8,,,,8* #....##...†####.#
#..#,,{,,,* ######..#.).# #.#
#..#,,,{,,* *****#..#.#.# #.#
##.#8,,,,8* *,,*,##.#.#.###.#
#.##8,,8#####,**,#...#.....#
######..##++##.'.##,*,#.######...
.....##.....|..##.#,,,#...#......
####.####.####.#@##**,#...#.##...
#.# ##.####.##T...##...#.#....
#.# #........######......#....
#.###.#####......)).###.##....
#.##...## #.....#.### #.###...
###.#.....###.###.#.#####.......
#.............# #.........####..
#.#.#.........###.#.#####.#####.
#.................#.# #.......


You could see a troll.

Vanquished Creatures
  Grinder (D:5)
  Sigmund (D:4)
  An ogre (D:4)
  Blork the orc (D:4)
  A bullfrog (D:5)
  A big kobold (Sewer)
  4 scorpions
  A howler monkey (D:4)
  A centaur skeleton (D:5)
  A hound (D:5)
  A gnoll shaman (D:4)
  A bullfrog skeleton (D:5)
  2 worker ants (D:4)
  A hound skeleton (D:4)
  A hound zombie (D:5)
  Robin (D:2)
  5 adders
  4 gnolls (D:5)
  2 river rats (Sewer)
  An ooze (D:1)
  3 adder skeletons (D:4)
  6 worms
  A dart slug (D:1)
  5 leopard geckos
  5 orcs (D:5)
  3 ball pythons
  6 giant cockroaches
  19 goblins
  9 hobgoblins
  12 jackals
  2 quokkas (D:4)
  9 bats
  5 frilled lizards
  A jackal skeleton (D:4)
  8 kobolds
  7 rats
133 creatures vanquished.

Notes
Turn   | Place    | Note
-------+----------+-------------------------------------------
     0 | D:1      | Niddhogr the Formicid Fighter began the quest for the Orb.
     0 | D:1      | Reached XP level 1. HP: 18/18 MP: 1/1
   227 | D:1      | Reached XP level 2. HP: 24/24 MP: 2/2
   336 | D:1      | Reached skill level 3 in Polearms
   408 | D:1      | Reached XP level 3. HP: 29/29 MP: 3/3
  1571 | D:2      | Reached skill level 4 in Polearms
  1571 | D:2      | Reached XP level 4. HP: 35/35 MP: 4/4
  1583 | D:2      | Found a shattered altar of Ashenzari.
  1655 | D:2      | Noticed Robin
  1655 | D:2      | Found a glowing silver altar of Zin.
  1726 | D:2      | Killed Robin
  2061 | D:2      | Reached XP level 5. HP: 40/41 MP: 5/5
  2535 | D:2      | Found a shattered altar of Ashenzari.
  3091 | D:3      | You fall through a shaft!
  3119 | D:4      | Reached skill level 5 in Polearms
  3143 | D:4      | Noticed an ogre
  3154 | D:4      | Killed an ogre
  3154 | D:4      | Reached skill level 6 in Polearms
  3154 | D:4      | Reached XP level 6. HP: 45/47 MP: 6/6
  3165 | D:4      | Noticed Sigmund
  3178 | D:4      | Killed Sigmund
  3178 | D:4      | Reached skill level 7 in Polearms
  3178 | D:4      | Reached XP level 7. HP: 51/52 MP: 7/7
  4528 | D:4      | Noticed Blork the orc
  4565 | D:4      | Killed Blork the orc
  4565 | D:4      | Reached skill level 8 in Polearms
  4773 | D:4      | Found a staircase to the Ecumenical Temple.
  4780 | Temple   | Entered the Ecumenical Temple
  5538 | D:4      | Found a burning altar of Makhleb.
  5725 | D:4      | Found a burning altar of Makhleb.
  5902 | D:4      | Found a staircase to the Ecumenical Temple.
  6221 | D:5      | Entered Level 5 of the Dungeon
  6256 | D:5      | Found a glowing drain.
  6277 | D:5      | Reached XP level 8. HP: 58/58 MP: 8/8
  6288 | Sewer    | Entered a sewer
  6458 | Sewer    | Found a white marble altar of Elyvilon.
  6549 | D:5      | Reached skill level 9 in Polearms
  6729 | D:5      | Noticed Grinder
  6757 | D:5      | Killed Grinder
  6911 | D:5      | Reached skill level 10 in Polearms
  6957 | D:5      | Found a large runed door.
  6957 | D:5      | Found a large runed door.
  6992 | D:5      | Got a heavily runed pewter ring
  7043 | D:5      | Found a large runed door.
  7043 | D:5      | Found a large runed door.
  7069 | D:5      | Noticed a troll
  7101 | D:5      | HP: 2/60 [troll (2)]
  7105 | D:5      | Slain by a troll

Vault maps used:
D:1:      minmay_arrival_loop
D:2:      old_standard_altar, lemuel_doored_altar, uniq_robin
D:4:      minmay_diamond_boxcup, kennysheep_mini, temple_doors_e,
          kennysheep_generic_room_4, uniq_sigmund, uniq_blork_the_orc
D:5:      portal_sewer_entry_a, first_bread, minmay_hollow_rounded_squares,
          uniq_grinder
Temple:   nicolae_temple_figure_zero
Sewer:    sewer_kobolds

Skill      XL: |  1  2  3  4  5  6  7  8 |
---------------+-------------------------+-----
Polearms       | 3 4 6 7 8 10 | 10.1
Fighting       | 4 |  4.2
Armour         | |  3.2
Shields        | |  3.6

Action                   |  1- 3 |  4- 6 |  7- 9 || total
-------------------------+-------+-------+-------++-------
Melee: Trident           |   130 |   190 |   381 ||   701
Throw: Tomahawk          |       |       |     3 ||     3
  Use: Scroll            |       |       |     6 ||     6
 Stab: Distracted        |       |       |     1 ||     1
  Eat: Chunk             |     1 |     6 |    13 ||    20
Armor: Scale mail        |     8 |       |       ||     8
       Plate armour      |    50 |    81 |   128 ||   259
Dodge: Dodged            |    23 |    27 |    41 ||    91
Block: Shield            |    62 |    77 |   141 ||   280
